Construct Section Command Post
Construct Field Infirmary
Construct Platoon Command Post
Selects British Armored Battlegroup
Selects Rigorous Vehicle Training
6-pounder Anti-tank Gun Team
Selects Crusader AA Medium Tank
Selects Churchill Black Prince Heavy Tank
Churchill Black Prince Heavy Tank
6-pounder Anti-tank Gun Team
Selects Engineer Detachments
Selects Forward Repair Assembly